1904 views
Uploaded 2023-01-08 19:18:57
Game version 1.32.10
26:23 long 2on2 ladder game on (4)HillsbradCreek
Saved by DKnight
1904 views
Uploaded 2023-01-08 19:18:57
Game version 1.32.10
26:23 long 2on2 ladder game on (4)HillsbradCreek


113 units @ 16k
/ 2.2k
32 buildings @ 5.5k
/ 2.3k


| Rod of Necromancy | 2 | 300 |
| Potion of Healing | 5 | 750 |
| Orb of Corruption | 2 | 750 |
| Scroll of Town Portal | 1 | 350 |
| Scroll of Healing | 1 | 250 |
| Potion of Lesser Invulnerability | 2 | 300 |
| total: | 13 | 2700g |
| Acolyte | 6 | 450 | / | 0 |
| Ghoul | 2 | 240 | / | 0 |
| Crypt Fiend | 11 | 2365 | / | 440 |
| Abomination | 11 | 2640 | / | 770 |
| Obsidian Statue | 3 | 600 | / | 105 |
| Meat Wagon | 2 | 460 | / | 100 |
| total: | 35 | 6755g | / | 1415w |
| Nerubian Tower | 1 | 100 | / | 20 |
| Spirit Tower | 1 | 145 | / | 40 |
| Crypt | 1 | 200 | / | 50 |
| Altar of Darkness | 1 | 180 | / | 50 |
| Ziggurat | 5 | 750 | / | 250 |
| Tomb of Relics | 2 | 260 | / | 60 |
| Graveyard | 1 | 215 | / | 0 |
| Slaughterhouse | 2 | 280 | / | 270 |
| Halls of the Dead | 2 | 640 | / | 420 |
| Black Citadel | 2 | 650 | / | 460 |
| total: | 12 | 1885g | / | 680w |
| 0:02 | Acolyte |
| 0:02 | Acolyte |
| 0:10 | Crypt |
| 0:18 | Altar of Darkness |
| 0:23 | Ziggurat |
| 0:33 | Acolyte |
| 0:49 | Acolyte |
| 1:05 | Tomb of Relics |
| 1:12 | Ghoul |
| 1:30 | Graveyard |
| 1:46 | Ghoul |
| 2:18 | Rod of Necromancy |
| 2:18 | Death Coil |
| 2:24 | Ziggurat |
| 2:27 | Nerubian Tower |
| 2:57 | Crypt Fiend |
| 3:18 | Halls of the Dead |
| 4:05 | Crypt Fiend |
| 4:31 | Crypt Fiend |
| 4:34 | Ziggurat |
| 5:33 | Spirit Tower |
| 6:18 | Black Citadel |
| 6:22 | Acolyte |
| 6:23 | Unholy Aura |
| 7:00 | Tomb of Relics |
| 7:02 | Black Citadel |
| 7:08 | Frost Nova |
| 7:22 | Potion of Lesser Invulnerability |
| 8:14 | Crypt Fiend |
| 8:36 | Slaughterhouse |
| 9:14 | Crypt Fiend |
| 9:26 | Crypt Fiend |
| 9:45 | Crypt Fiend |
| 10:04 | Abomination |
| 10:12 | Acolyte |
| 10:31 | Rod of Necromancy |
| 10:48 | Ziggurat |
| 11:06 | Dark Ritual |
| 11:54 | Crypt Fiend |
| 12:12 | Crypt Fiend |
| 12:16 | Obsidian Statue |
| 12:39 | Slaughterhouse |
| 13:14 | Web |
| 13:19 | Abomination |
| 13:20 | Disease Cloud |
| 13:23 | Death Coil |
| 13:45 | Crypt Fiend |
| 14:04 | Potion of Healing |
| 14:05 | Orb of Corruption |
| 14:17 | Abomination |
| 14:32 | Ziggurat |
| 14:53 | Abomination |
| 15:20 | Potion of Healing |
| 15:33 | Abomination |
| 16:07 | Scroll of Town Portal |
| 16:29 | Potion of Lesser Invulnerability |
| 16:57 | Abomination |
| 18:10 | Potion of Healing |
| 18:10 | Potion of Healing |
| 18:11 | Scroll of Healing |
| 19:09 | Abomination |
| 19:15 | Frost Nova |
| 19:32 | Abomination |
| 19:34 | Obsidian Statue |
| 20:40 | Abomination |
| 21:34 | Abomination |
| 21:35 | Obsidian Statue |
| 21:38 | Death Pact |
| 22:33 | Abomination |
| 23:21 | Crypt Fiend |
| 23:31 | Potion of Healing |
| 23:52 | Orb of Corruption |
| 24:34 | Death Coil |
| 25:33 | Meat Wagon |
| 25:34 | Meat Wagon |
| Right click | 1704 |
| Select group | 958 |
| Select | 455 |
| Build/train/purchase | 131 |
| Misc. action | 126 |
| Assign group | 60 |
| Use ability | 52 |
| Resource trade | 9 |
| Chat | 5 |
| Item give/drop | 4 |
| Remove unit | 4 |
| Esc | 2 |
milaanilo
(2)
(26:20) : 


| Moonstone | 1 | 50 |
| Orb of Venom | 1 | 325 |
| Staff of Preservation | 1 | 150 |
| Scroll of Town Portal | 4 | 1400 |
| Scroll of Healing | 1 | 250 |
| total: | 8 | 2175g |
| Wisp | 23 | 1380 | / | 0 |
| Archer | 44 | 5720 | / | 440 |
| Hippogryph | 6 | 960 | / | 120 |
| Faerie Dragon | 3 | 465 | / | 75 |
| Goblin Shredder | 2 | 750 | / | 200 |
| total: | 78 | 9275g | / | 835w |
| Ancient Protector | 3 | 405 | / | 240 |
| Altar of Elders | 1 | 180 | / | 50 |
| Moon Well | 7 | 1260 | / | 280 |
| Ancient of War | 2 | 300 | / | 120 |
| Tree of Life | 2 | 680 | / | 370 |
| Ancient of Wonders | 1 | 90 | / | 30 |
| Hunter's Hall | 1 | 210 | / | 100 |
| Ancient of Wind | 2 | 300 | / | 280 |
| Ancient of Lore | 1 | 155 | / | 145 |
| Tree of Ages | 2 | 640 | / | 360 |
| Tree of Eternity | 2 | 660 | / | 400 |
| total: | 20 | 3580g | / | 1615w |
| 0:01 | Wisp |
| 0:02 | Wisp |
| 0:05 | Altar of Elders |
| 0:16 | Moon Well |
| 0:25 | Ancient of War |
| 0:31 | Wisp |
| 0:31 | Wisp |
| 0:48 | Wisp |
| 0:49 | Wisp |
| 1:04 | Wisp |
| 1:04 | Wisp |
| 1:26 | Archer |
| 1:33 | Moon Well |
| 1:39 | Wisp |
| 1:39 | Wisp |
| 1:39 | Wisp |
| 1:48 | Wisp |
| 1:48 | Wisp |
| 1:56 | Wisp |
| 2:05 | Force of Nature |
| 2:05 | Force of Nature |
| 2:29 | Wisp |
| 2:29 | Wisp |
| 2:54 | Entangling Roots |
| 3:11 | Archer |
| 3:16 | Tree of Ages |
| 3:22 | Archer |
| 3:25 | Moon Well |
| 3:42 | Archer |
| 3:58 | Archer |
| 4:19 | Archer |
| 4:30 | Force of Nature |
| 4:30 | Force of Nature |
| 4:37 | Tree of Life |
| 4:49 | Ancient of Wonders |
| 5:28 | Archer |
| 5:38 | Improved Bows |
| 5:43 | Ancient of Wind |
| 5:49 | Frost Arrows |
| 6:02 | Ancient of Wind |
| 6:47 | Hippogryph |
| 6:55 | Wisp |
| 6:55 | Wisp |
| 6:55 | Wisp |
| 6:55 | Wisp |
| 6:56 | Wisp |
| 7:25 | Goblin Shredder |
| 7:25 | Goblin Shredder |
| 7:40 | Archer |
| 8:19 | Archer |
| 8:22 | Forked Lightning |
| 8:31 | Faerie Dragon |
| 8:58 | Archer |
| 9:11 | Archer |
| 9:23 | Archer |
| 9:26 | Ancient of War |
| 9:45 | Wisp |
| 9:46 | Wisp |
| 9:59 | Archer |
| 10:01 | Tree of Eternity |
| 10:03 | Hunter's Hall |
| 10:28 | Moon Well |
| 10:29 | Moon Well |
| 10:38 | Entangling Roots |
| 10:40 | Archer |
| 10:54 | Archer |
| 11:08 | Archer |
| 11:18 | Moonstone |
| 11:25 | Faerie Dragon |
| 11:47 | Archer |
| 11:49 | Strength of the Moon |
| 11:49 | Moon Armor |
| 11:49 | Improved Moon Armor |
| 12:07 | Archer |
| 12:09 | Faerie Dragon |
| 12:18 | Moon Well |
| 12:20 | Ancient of Lore |
| 12:30 | Silence |
| 12:36 | Ultravision |
| 12:37 | Archer |
| 12:38 | Marksmanship |
| 13:12 | Archer |
| 13:29 | Archer |
| 13:31 | Hippogryph |
| 13:31 | Hippogryph |
| 13:45 | Forked Lightning |
| 13:47 | Archer |
| 14:09 | Archer |
| 14:32 | Orb of Venom |
| 14:38 | Scroll of Town Portal |
| 14:46 | Staff of Preservation |
| 15:27 | Archer |
| 15:38 | Improved Strength of the Moon |
| 15:38 | Advanced Moon Armor |
| 15:53 | Archer |
| 16:17 | Archer |
| 16:39 | Scroll of Town Portal |
| 17:07 | Hippogryph |
| 17:12 | Archer |
| 17:26 | Force of Nature |
| 17:41 | Archer |
| 17:46 | Black Arrow |
| 17:59 | Archer |
| 18:02 | Frost Arrows |
| 18:02 | Frost Arrows |
| 18:09 | Archer |
| 18:19 | Hippogryph |
| 18:19 | Hippogryph |
| 18:40 | Archer |
| 18:54 | Archer |
| 19:13 | Scroll of Town Portal |
| 19:35 | Scroll of Healing |
| 19:40 | Reinforced Hides |
| 19:40 | Strength of the Wild |
| 19:40 | Improved Reinforced Hides |
| 19:41 | Advanced Strength of the Moon |
| 19:51 | Black Arrow |
| 20:25 | Archer |
| 20:51 | Archer |
| 21:03 | Tranquility |
| 21:05 | Scroll of Town Portal |
| 21:11 | Forked Lightning |
| 21:23 | Archer |
| 21:30 | Tree of Life |
| 21:45 | Archer |
| 22:02 | Archer |
| 22:29 | Archer |
| 22:37 | Moon Well |
| 22:41 | Silence |
| 22:41 | Silence |
| 23:54 | Tornado |
| 24:30 | Archer |
| 24:45 | Thorns Aura |
| 25:13 | Ancient Protector |
| 25:15 | Ancient Protector |
| 25:16 | Ancient Protector |
| 25:19 | Archer |
| 25:32 | Advanced Reinforced Hides |
| 25:32 | Improved Strength of the Wild |
| 25:43 | Archer |
| 25:45 | Archer |
| 25:45 | Archer |
| 25:45 | Archer |
| 26:18 | Silence |
| Right click | 1737 |
| Assign group | 978 |
| Select | 681 |
| Select group | 621 |
| Misc. action | 448 |
| Build/train/purchase | 187 |
| Chat | 80 |
| Use ability | 55 |
| Esc | 8 |
| Minimap ping | 7 |
| Resource trade | 7 |
| Item give/drop | 4 |
| Remove unit | 1 |
113 units @ 17k
/ 2.6k
39 buildings @ 5k
/ 1.9k


| Healing Salve | 1 | 100 |
| Lesser Clarity Potion | 1 | 70 |
| Orb of Lightning | 1 | 375 |
| Potion of Healing | 1 | 150 |
| Scroll of Town Portal | 2 | 700 |
| total: | 6 | 1395g |
| Peon | 9 | 675 | / | 0 |
| Grunt | 2 | 400 | / | 0 |
| Troll Headhunter | 10 | 1400 | / | 200 |
| Troll Witch Doctor | 12 | 1740 | / | 300 |
| Troll Berserker | 21 | 2940 | / | 420 |
| Raider | 2 | 360 | / | 80 |
| Gryphon Rider | 3 | 840 | / | 210 |
| Knight | 3 | 735 | / | 180 |
| total: | 62 | 9090g | / | 1390w |
| Watch Tower | 2 | 220 | / | 160 |
| Altar of Storms | 1 | 180 | / | 50 |
| Orc Burrow | 7 | 1120 | / | 280 |
| Barracks | 3 | 540 | / | 150 |
| War Mill | 1 | 205 | / | 0 |
| Voodoo Lounge | 1 | 130 | / | 30 |
| Spirit Lodge | 1 | 150 | / | 150 |
| Beastiary | 2 | 290 | / | 280 |
| Stronghold | 1 | 315 | / | 190 |
| Fortress | 1 | 325 | / | 190 |
| Scout Tower | 1 | 30 | / | 20 |
| Guard Tower | 1 | 70 | / | 50 |
| total: | 19 | 2865g | / | 1120w |
| 0:04 | Peon |
| 0:04 | Peon |
| 0:11 | Altar of Storms |
| 0:23 | Orc Burrow |
| 0:26 | Peon |
| 0:35 | Peon |
| 0:43 | Barracks |
| 0:56 | Peon |
| 1:06 | Peon |
| 1:33 | Orc Burrow |
| 1:42 | War Mill |
| 1:58 | Grunt |
| 2:20 | War Stomp |
| 2:25 | Peon |
| 2:31 | Grunt |
| 2:48 | Voodoo Lounge |
| 3:40 | Troll Headhunter |
| 3:42 | Stronghold |
| 3:47 | Orc Burrow |
| 3:51 | Healing Salve |
| 4:10 | Troll Headhunter |
| 4:58 | Endurance Aura |
| 5:02 | Troll Headhunter |
| 5:02 | Troll Headhunter |
| 5:08 | Orc Burrow |
| 6:41 | Troll Headhunter |
| 6:42 | Troll Headhunter |
| 6:44 | Fortress |
| 6:49 | Lesser Clarity Potion |
| 6:53 | Scroll of Town Portal |
| 7:01 | Spirit Lodge |
| 7:05 | Barracks |
| 7:08 | Steel Ranged Weapons |
| 7:16 | Orc Burrow |
| 7:50 | Troll Headhunter |
| 7:50 | Troll Headhunter |
| 8:22 | Healing Wave |
| 8:58 | Troll Headhunter |
| 9:00 | Witch Doctor Adept Training |
| 9:50 | Orc Burrow |
| 9:52 | Troll Witch Doctor |
| 9:53 | Troll Headhunter |
| 9:55 | Berserker Upgrade |
| 9:57 | Thorium Ranged Weapons |
| 10:13 | Orb of Lightning |
| 11:56 | Endurance Aura |
| 12:16 | Troll Berserker |
| 12:17 | Troll Berserker |
| 12:18 | Witch Doctor Master Training |
| 12:28 | Beastiary |
| 12:41 | Troll Berserker |
| 12:41 | Troll Berserker |
| 12:43 | Peon |
| 12:44 | Peon |
| 13:04 | Hex |
| 13:49 | Troll Berserker |
| 13:49 | Troll Berserker |
| 14:23 | Arcanite Ranged Weapons |
| 14:31 | Steel Armor |
| 14:34 | Troll Berserker |
| 14:35 | Troll Witch Doctor |
| 14:35 | Troll Witch Doctor |
| 14:38 | Troll Berserker |
| 15:11 | Hex |
| 17:07 | Troll Witch Doctor |
| 17:09 | Troll Berserker |
| 17:42 | Healing Wave |
| 18:15 | Troll Witch Doctor |
| 18:17 | Troll Berserker |
| 19:01 | Troll Berserker |
| 19:03 | Troll Witch Doctor |
| 19:10 | Orc Burrow |
| 19:40 | Troll Berserker |
| 19:40 | Troll Berserker |
| 19:42 | Troll Witch Doctor |
| 19:42 | Troll Witch Doctor |
| 20:32 | Troll Berserker |
| 20:33 | Troll Berserker |
| 20:35 | Troll Witch Doctor |
| 20:44 | Beastiary |
| 21:04 | Troll Berserker |
| 21:07 | Scroll of Town Portal |
| 21:08 | Potion of Healing |
| 21:33 | Barracks |
| 21:34 | Troll Witch Doctor |
| 22:15 | Troll Berserker |
| 22:16 | Troll Berserker |
| 22:17 | Troll Witch Doctor |
| 22:17 | Troll Witch Doctor |
| 22:19 | Raider |
| 22:33 | Watch Tower |
| 22:38 | Watch Tower |
| 22:42 | Troll Berserker |
| 23:10 | Troll Berserker |
| 23:26 | Raider |
| 23:39 | Troll Berserker |
| 24:19 | Gryphon Rider |
| 24:19 | Gryphon Rider |
| 24:22 | Knight |
| 24:53 | Knight |
| 25:05 | Scout Tower |
| 25:46 | Guard Tower |
| 25:52 | Gryphon Rider |
| 25:54 | Knight |
| Right click | 483 |
| Select | 400 |
| Misc. action | 172 |
| Build/train/purchase | 108 |
| Use ability | 36 |
| Select group | 30 |
| Assign group | 17 |
| Esc | 1 |
BullsNBears
(23:02) : 


| Scroll of Regeneration | 3 | 300 |
| Lesser Clarity Potion | 4 | 280 |
| Potion of Healing | 3 | 450 |
| Potion of Mana | 6 | 1200 |
| Scroll of Town Portal | 4 | 1400 |
| Circlet of Nobility | 1 | 175 |
| Orb of Lightning | 1 | 375 |
| total: | 22 | 4180g |
| Peasant | 24 | 1800 | / | 0 |
| Footman | 8 | 1080 | / | 0 |
| Knight | 8 | 1960 | / | 480 |
| Gryphon Rider | 11 | 3080 | / | 770 |
| total: | 51 | 7920g | / | 1250w |
| Scout Tower | 4 | 120 | / | 80 |
| Arcane Tower | 2 | 140 | / | 100 |
| Guard Tower | 2 | 140 | / | 100 |
| Altar of Kings | 1 | 180 | / | 50 |
| Farm | 8 | 640 | / | 160 |
| Barracks | 1 | 160 | / | 60 |
| Town Hall | 1 | 385 | / | 205 |
| Lumber Mill | 1 | 120 | / | 0 |
| Arcane Vault | 2 | 260 | / | 60 |
| Blacksmith | 1 | 140 | / | 60 |
| Gryphon Aviary | 1 | 140 | / | 150 |
| Keep | 1 | 320 | / | 210 |
| Castle | 1 | 360 | / | 210 |
| total: | 20 | 2145g | / | 825w |
| 0:04 | Peasant |
| 0:04 | Peasant |
| 0:07 | Altar of Kings |
| 0:12 | Farm |
| 0:16 | Barracks |
| 0:28 | Peasant |
| 0:39 | Peasant |
| 0:52 | Farm |
| 0:59 | Peasant |
| 1:07 | Peasant |
| 1:21 | Footman |
| 1:35 | Peasant |
| 1:40 | Footman |
| 1:50 | Farm |
| 1:54 | Peasant |
| 2:02 | Peasant |
| 2:10 | Storm Bolt |
| 2:19 | Peasant |
| 2:32 | Footman |
| 2:49 | Peasant |
| 2:50 | Peasant |
| 3:35 | Thunder Clap |
| 3:38 | Scout Tower |
| 3:42 | Town Hall |
| 3:56 | Peasant |
| 3:57 | Peasant |
| 4:36 | Lumber Mill |
| 4:37 | Peasant |
| 4:37 | Peasant |
| 4:46 | Arcane Tower |
| 4:47 | Peasant |
| 5:02 | Footman |
| 5:08 | Circlet of Nobility |
| 5:18 | Keep |
| 5:20 | Scout Tower |
| 6:33 | Arcane Tower |
| 6:35 | Scout Tower |
| 6:38 | Arcane Vault |
| 6:49 | Blacksmith |
| 6:53 | Farm |
| 7:00 | Footman |
| 7:00 | Footman |
| 7:03 | Guard Tower |
| 7:06 | Scout Tower |
| 7:13 | Improved Lumber Harvesting |
| 7:13 | Improved Masonry |
| 7:25 | Farm |
| 7:37 | Guard Tower |
| 8:17 | Castle |
| 8:20 | Arcane Vault |
| 8:27 | Footman |
| 8:27 | Footman |
| 8:44 | Holy Light |
| 8:50 | Scroll of Regeneration |
| 8:51 | Lesser Clarity Potion |
| 8:51 | Scroll of Town Portal |
| 8:51 | Potion of Healing |
| 9:33 | Peasant |
| 9:33 | Peasant |
| 9:43 | Storm Bolt |
| 9:45 | Iron Forged Swords |
| 9:49 | Gryphon Aviary |
| 10:22 | Scroll of Town Portal |
| 10:23 | Potion of Mana |
| 10:30 | Farm |
| 12:08 | Knight |
| 12:08 | Knight |
| 12:10 | Gryphon Rider |
| 12:10 | Gryphon Rider |
| 12:24 | Farm |
| 12:26 | Knight |
| 12:27 | Gryphon Rider |
| 12:34 | Scroll of Regeneration |
| 12:34 | Lesser Clarity Potion |
| 12:37 | Potion of Mana |
| 12:37 | Potion of Healing |
| 13:25 | Devotion Aura |
| 14:11 | Gryphon Rider |
| 14:12 | Knight |
| 14:13 | Animal War Training |
| 14:19 | Lesser Clarity Potion |
| 14:24 | Farm |
| 14:26 | Potion of Mana |
| 14:30 | Scroll of Town Portal |
| 14:31 | Orb of Lightning |
| 14:34 | Potion of Healing |
| 14:41 | Steel Forged Swords |
| 14:54 | Thunder Clap |
| 16:08 | Peasant |
| 16:08 | Peasant |
| 16:08 | Peasant |
| 16:08 | Peasant |
| 16:10 | Peasant |
| 16:25 | Siphon Mana |
| 16:50 | Holy Light |
| 17:02 | Knight |
| 17:03 | Gryphon Rider |
| 17:04 | Storm Hammers |
| 17:06 | Iron Plating |
| 18:27 | Flame Strike |
| 18:35 | Storm Bolt |
| 19:08 | Gryphon Rider |
| 19:08 | Gryphon Rider |
| 19:09 | Knight |
| 19:29 | Mithril Forged Swords |
| 19:32 | Knight |
| 19:47 | Scroll of Regeneration |
| 19:50 | Potion of Mana |
| 20:01 | Potion of Mana |
| 21:12 | Devotion Aura |
| 21:18 | Gryphon Rider |
| 21:18 | Gryphon Rider |
| 21:18 | Gryphon Rider |
| 21:18 | Gryphon Rider |
| 21:19 | Knight |
| 21:23 | Lesser Clarity Potion |
| 21:31 | Potion of Mana |
| 21:39 | Scroll of Town Portal |
| Right click | 1024 |
| Select | 390 |
| Build/train/purchase | 144 |
| Use ability | 60 |
| Resource trade | 22 |
| Item give/drop | 5 |
| Minimap ping | 5 |
⇛